 Dungeon Crawl Stone Soup version 0.29-a0-275-g389c0b56f3 (webtiles) character file.

Game seed: 18132410736350186997

65 jmlagarto the Sneak (level 4, -2/32 HPs)
             Began as a Gnoll Enchanter on Mar 11, 2022.
             Was an Initiate of Yredelemnul.
             Engulfed by a cloud of steam (13 damage)
             ... on level 2 of the Dungeon.
             The game lasted 00:05:23 (2599 turns).

jmlagarto the Sneak (Gnoll Enchanter)               Turns: 2599, Time: 00:05:23

Health: -2/32      AC:  2    Str:  7    XL:     4   Next: 13%
Magic:  11/11      EV: 14    Int: 14    God:    Yredelemnul [......]
Gold:   66         SH:  5    Dex: 15    Spells: 13/13 levels left

rFire   . . .      SeeInvis .   a - +1 dagger
rCold   . . .      Faith    .   (no shield)
rNeg    . . .      Spirit   .   b - +0 robe
rPois   .          Reflect  +   (no helmet)
rElec   .          Harm     .   (no cloak)
rCorr   .          Rampage  .   (no gloves)
Will    .....                   (no boots)
Stlth   +++.......              i - amulet of reflection
HPRegen 0.10/turn               (no ring)
MPRegen 0.12/turn               (no ring)

@: no status effects
A: fangs 1, strong nose, distributed training
a: Renounce Religion, Recall Undead Harvest


You were on level 2 of the Dungeon.
You worshipped Yredelemnul.
Yredelemnul was noncommittal.
You visited 1 branch of the dungeon, and saw 2 of its levels.

You collected 66 gold pieces.

Inventory:

Hand Weapons
 a - a +1 dagger (weapon)
Missiles
 h - 8 poisoned darts (quivered)
Armour
 b - a +0 robe (worn)
Jewellery
 i - an amulet of reflection (around neck)
Wands
 k - a wand of digging (6)
Scrolls
 j - a scroll of fear {unknown}
 m - a scroll of enchant weapon {unknown}
Potions
 c - 2 potions of invisibility
 d - a potion of cancellation {unknown}
 e - a potion of attraction {unknown}
 f - 2 potions of resistance
 g - 3 potions of flight {unknown}
 l - a potion of curing {unknown}


   Skills:
 + Level 1.0 Fighting
 + Level 2.7 Short Blades
 + Level 1.0 Long Blades
 + Level 1.0 Axes
 + Level 1.0 Maces & Flails
 + Level 1.0 Polearms
 + Level 1.0 Staves
 + Level 1.0 Slings
 + Level 1.0 Bows
 + Level 1.0 Crossbows
 + Level 1.0 Throwing
 + Level 1.0 Armour
 + Level 4.6 Dodging
 + Level 6.0 Stealth
 + Level 1.0 Shields
 + Level 1.0 Unarmed Combat
 + Level 5.0 Spellcasting
 + Level 0.8 Conjurations
 + Level 5.4 Hexes
 + Level 0.8 Summonings
 + Level 0.8 Necromancy
 + Level 0.8 Translocations
 + Level 0.8 Transmutations
 + Level 0.8 Fire Magic
 + Level 0.8 Ice Magic
 + Level 0.8 Air Magic
 + Level 0.8 Earth Magic
 + Level 0.8 Poison Magic
 + Level 1.1 Invocations
 + Level 1.0 Evocations


You had 13 spell levels left.
You didn't know any spells.
Your spell library contained the following spells:

 Spells                   Type           Power      Damage    Failure   Level
 Confusing Touch          Hex            18%        N/A       5%          3
 Tukima's Dance           Hex            18%        N/A       5%          3
 Ensorcelled Hibernation  Hex/Ice        24%        N/A       8%          2
 Dazzling Flash           Conj/Hex       24%        N/A       14%         3


Dungeon Overview and Level Annotations

Branches:
Dungeon (2/15)

Altars:
Yredelemnul


Innate Abilities, Weirdness & Mutations

You have very sharp teeth.
Your uncanny sense of smell can sniff out nearby items.
Your experience applies equally to all skills.


Message History

Why would you want to do that? Why would you want to do that?
Why would you want to do that?
You swap places.
You swap places.
You enter the shallow water.
Moving in this stuff is going to be slow.
Aiming: Dig
Press: ? - help, Shift-Dir - straight line A rock wall.
The rock shatters into small pieces.
Why would you want to do that? Why would you want to do that?
You swap places.
Aiming: Dig
Press: ? - help, Shift-Dir - straight line A rock wall.
The rock shatters into small pieces.
Why would you want to do that? Why would you want to do that?
You swap places.
You swap places.
Aiming: Dig
Press: ? - help, Shift-Dir - straight line You can't see that place.
The rock shatters into small pieces.
You are engulfed in a cloud of scalding steam.
Your bat zombie is engulfed in a cloud of scalding steam.
Your bat zombie is destroyed!
Your bat zombie is engulfed in a cloud of scalding steam.
You swap places.
You are engulfed in a cloud of scalding steam.
Your bat zombie is engulfed in a cloud of scalding steam.
Your bat zombie is destroyed!
You swap places.
You are engulfed in a cloud of scalding steam.
Your adder zombie is engulfed in a cloud of scalding steam.
Your adder zombie is destroyed!
You are engulfed in a cloud of scalding steam.
You die...
Your body rises from the dead as a mindless zombie.

........#########.##
.####...# ####..# .#
#...######≈##..# .#
#.Z≈##≈≈#§≈##..# ##
#.≈≈#≈..≈§§≈...# #
#.≈≈≈≈###≈§≈#Z.# #
#.≈≈##...≈.§§§##
#####..≈####≈≈##§##
##......# #≈≈ #@#
...#....# ### #§#
...##...# #§#
...###### #§# ...#
#§# ...# #§# ...#
### ####


There were no monsters in sight!

Vanquished Creatures
  2 adders (D:2)
  2 worms (D:2)
  A ball python (D:1)
  2 bats (D:1)
  3 endoplasms
  2 giant cockroaches
  4 goblins (D:1)
  4 hobgoblins
  4 jackals (D:1)
  3 quokkas (D:1)
  3 frilled lizards
  A kobold (D:1)
  4 rats
35 creatures vanquished.

Vanquished Creatures (collateral kills)
  2 ball pythons (D:2)
  A rat (D:2)
3 creatures vanquished.

Vanquished Creatures (others)
  An adder zombie (D:2)
  2 bat zombies (D:2)
  A ball python zombie (D:2)
  A frilled lizard zombie (D:2)
  A hobgoblin zombie (D:2)
6 creatures vanquished.

Grand Total: 44 creatures vanquished

Notes
Turn   | Place    | Note
-------+----------+-------------------------------------------
     0 | D:1      | jmlagarto the Gnoll Enchanter began the quest for the Orb.
     0 | D:1      | Reached XP level 1. HP: 13/13 MP: 6/6
   342 | D:1      | Reached XP level 2. HP: 19/19 MP: 7/7
  1162 | D:1      | Reached XP level 3. HP: 15/25 MP: 9/9
  1641 | D:2      | Reached skill level 5 in Spellcasting
  1914 | D:2      | Reached skill level 6 in Stealth
  1946 | D:2      | Reached skill level 1 in Invocations
  2000 | D:2      | Found a faded altar of an unknown god.
  2015 | D:2      | Prayed at the altar of an unknown god.
  2015 | D:2      | Became a worshipper of Yredelemnul the Dark
  2015 | D:2      | Reached * piety under Yredelemnul
  2117 | D:2      | Reached skill level 1 in Fighting
  2117 | D:2      | Reached skill level 1 in Long Blades
  2117 | D:2      | Reached skill level 1 in Axes
  2117 | D:2      | Reached skill level 1 in Maces & Flails
  2117 | D:2      | Reached skill level 1 in Polearms
  2117 | D:2      | Reached skill level 1 in Staves
  2117 | D:2      | Reached skill level 1 in Slings
  2117 | D:2      | Reached skill level 1 in Bows
  2117 | D:2      | Reached skill level 1 in Crossbows
  2117 | D:2      | Reached skill level 1 in Throwing
  2117 | D:2      | Reached skill level 1 in Armour
  2117 | D:2      | Reached skill level 1 in Shields
  2117 | D:2      | Reached skill level 1 in Unarmed Combat
  2117 | D:2      | Reached skill level 1 in Evocations
  2215 | D:2      | Reached XP level 4. HP: 32/32 MP: 11/11
  2231 | D:2      | Reached ** piety under Yredelemnul
  2599 | D:2      | Engulfed by a cloud of steam

Illustrated notes

Levels and vault maps discovered:
D:1:      zelgadis_glass_arrival_small, layout_loops_cross,
          columned_hall_lemuel, nrook_uturn, minmay_misc_feat_columns,
          grunt_decor_junction, roderic_serpentine_path, minmay_ruptured
D:2:      layout_rooms, hellmonk_ecumenical_altar_crossroads,
          lemuel_another_geyser

Skill      XL: |  1  2  3 |
---------------+----------+-----
Spellcasting   | 5 |  5.0
Stealth        | 6 |  6.0
Invocations    | 1 |  1.1
Fighting       | 1 |  1.0
Long Blades    | 1 |  1.0
Axes           | 1 |  1.0
Maces & Flails | 1 |  1.0
Polearms       | 1 |  1.0
Staves         | 1 |  1.0
Slings         | 1 |  1.0
Bows           | 1 |  1.0
Crossbows      | 1 |  1.0
Throwing       | 1 |  1.0
Armour         | 1 |  1.0
Shields        | 1 |  1.0
Unarmed Combat | 1 |  1.0
Evocations     | 1 |  1.0
Short Blades   | |  2.7
Dodging        | |  4.6
Conjurations   | |  0.8
Hexes          | |  5.4
Summonings     | |  0.8
Necromancy     | |  0.8
Translocations | |  0.8
Transmutations | |  0.8
Fire Magic     | |  0.8
Ice Magic      | |  0.8
Air Magic      | |  0.8
Earth Magic    | |  0.8
Poison Magic   | |  0.8

Action                   |  1- 3 |  4- 6 || total
-------------------------+-------+-------++-------
Melee: Dagger            |   129 |     5 ||   134
       Bite              |     2 |       ||     2
       Punch             |     1 |       ||     1
Evoke: Wand              |       |     3 ||     3
  Use: Scroll            |     1 |       ||     1
 Stab: Sleeping          |    11 |     1 ||    12
       Distracted        |     1 |       ||     1
Armor: Robe              |    22 |       ||    22
Dodge: Dodged            |    89 |     5 ||    94
Block: Other             |    17 |       ||    17

Table legend: (Time is in decaauts)
 A = Elapsed time spent in this place.
 B = Non-inter-level travel time spent in this place.
 C = Inter-level travel time spent in this place.
 D = Time resting spent in this place.
 E = Time spent auto-exploring this place.
 F = Levels seen in this place.
 G = Mean time per level.
                   A        B        C        D        E       F      G
               +--------+--------+--------+--------+--------+-----+--------+
         Total |   2586 |   2541 |     45 |      0 |   2094 |   2 | 1293.0 |
       Dungeon |   2586 |   2541 |     45 |      0 |   2094 |   2 | 1293.0 |
               +--------+--------+--------+--------+--------+-----+--------+

Top non-repeatable levels by time:
     D:1: 1608 daAuts
     D:2: 977 daAuts
